 Dungeon Crawl Stone Soup version 0.24-a0-507-g3e8b242632 (webtiles) character file.

Game seed: 3585562102861415209

229 KristoblXynda the Chopper (level 5, -4/45 HPs)
             Began as a Draconian Gladiator on July 18, 2019.
             Was an Initiate of Cheibriados.
             Slain by Pikel
             ... wielding a +2 whip of flaming
              (10 damage)
             ... on level 4 of the Dungeon.
             The game lasted 00:04:38 (3286 turns).

KristoblXynda the Chopper (Draconian Gladiator)     Turns: 3286, Time: 00:04:38

Health: -4/45      AC:  5    Str: 18    XL:     5   Next: 71%
Magic:  5/5        EV: 13    Int: 10    God:    Cheibriados [......]
Gold:   189        SH:  0    Dex: 13    Spells: 4/4 levels left

rFire    . . .     SeeInvis .   a - +0 war axe
rCold    . . .     Gourm    .   (no shield)
rNeg     . . .     Faith    .   (armour unavailable)
rPois    .         Spirit   .   b - +0 hat
rElec    .         Reflect  .   (no cloak)
rCorr    +         Harm     .   (no gloves)
MR       .....                  (no boots)
Stlth    +.........             o - amulet of regeneration
HPRegen  0.55/turn              s - ring of resist corrosion
MPRegen  0.09/turn              (no ring)

@: about to teleport, very slow
A: unfitting armour, cold-blooded, AC +5
a: Bend Time, Renounce Religion


You were on level 4 of the Dungeon.
You worshipped Cheibriados.
Cheibriados was noncommittal.
You were not hungry.

You visited 1 branch of the dungeon, and saw 4 of its levels.

You collected 189 gold pieces.

Inventory:

Hand Weapons
 a - a +0 war axe (weapon)
Missiles
 c - 3 throwing nets (quivered)
Armour
 b - a +0 hat (worn)
Jewellery
 j - an uncursed amulet of magic regeneration
 o - an amulet of regeneration (around neck)
 s - a ring of resist corrosion (left hand)
Wands
 r - a wand of flame (23)
Scrolls
 e - 2 scrolls of teleportation
 f - a scroll of random uselessness {unknown}
 h - a scroll of magic mapping {unknown}
 k - 2 scrolls of fear {unknown}
 l - a scroll of fog {unknown}
 m - a scroll of identify
 n - a scroll of noise {unknown}
 q - a scroll of enchant armour {unknown}
Potions
 g - a potion of mutation
 i - a potion of curing
Comestibles
 d - 7 rations


   Skills:
 + Level 3.5 Fighting
 * Level 5.1 Axes
 - Level 2.0 Throwing
 + Level 3.7 Dodging


You had 4 spell levels left.
You didn't know any spells.
Your spell library was empty.

Dungeon Overview and Level Annotations

Branches:
Dungeon (4/15)
 Temple: D:4-7

Altars:
Cheibriados
Fedhas
Kikubaaqudgha
Vehumet
Yredelemnul

Annotations:
D:3 3 runed translucent doors, soark's ghost, amateur DsFi
D:4 Pikel


Innate Abilities, Weirdness & Mutations

Your plain brown scales are hard. (AC +5)
You cannot fit into any form of body armour.
You are cold-blooded and may be slowed by cold attacks.


Message History

Pikel hits you with a +2 whip of flaming.
* * * LOW HITPOINT WARNING * * *
Pikel burns you.
* * * LOW HITPOINT WARNING * * *
You bump into the rock wall.
You feel less invigorated.
You feel less confused.
Pikel hits you with a +2 whip of flaming.
* * * LOW HITPOINT WARNING * * *
Pikel burns you.
* * * LOW HITPOINT WARNING * * *
As you read the scroll of teleportation, it crumbles to dust.
You feel strangely unstable.
Pikel hits you with a +2 whip of flaming.
* * * LOW HITPOINT WARNING * * *
Pikel burns you.
* * * LOW HITPOINT WARNING * * *
You closely miss Pikel.
Pikel is heavily wounded.
Pikel hits you with a +2 whip of flaming!
You die... #....##≈.≈#≈≈♣ #..# ≈.≈♣≈≈≈≈ ###### #..# ≈....≈# .....###.<# ≈≈≈≈≈ .........[# p≈p

####.###.## #p# #
#.# #.# #p# # #.#
#.# #K# # #.# #.#
#@# # #.# #.# #.#
#.# ## #.# #.# #.#
#.# .###.# #.# #.#
#.# .....###<# #.#
#.# .####....# #.#
#.# #####.#### #.#
#.# .[.....# #.#
#.#
#####..#####.###.#


You could see Pikel and 4 slaves.

Vanquished Creatures
  A howler monkey (D:3)
  A bullfrog skeleton (D:3)
  6 adders
  3 oozes
  A worm (D:2)
  A dart slug (D:2)
  5 leopard geckos
  4 orcs (D:3)
  10 bats
  4 giant cockroaches
  2 gnoll zombies (D:2)
  8 hobgoblins
  7 jackals (D:1)
  7 kobolds
  A quokka (D:3)
  A ball python (D:1)
  13 frilled lizards
  6 goblins
  6 rats
87 creatures vanquished.

Vanquished Creatures (others)
  A frilled lizard (D:4)
1 creature vanquished.

Grand Total: 88 creatures vanquished

Notes
Turn   | Place    | Note
-------+----------+-------------------------------------------
     0 | D:1      | KristoblXynda the Draconian Gladiator began the quest for
                  | the Orb.
     0 | D:1      | Reached XP level 1. HP: 17/17 MP: 1/1
    42 | D:1      | Reached XP level 2. HP: 21/24 MP: 2/2
   482 | D:1      | Reached XP level 3. HP: 27/30 MP: 3/3
  1152 | D:2      | Reached skill level 4 in Axes
  1153 | D:2      | Found a basalt altar of Yredelemnul.
  1509 | D:2      | Reached XP level 4. HP: 37/37 MP: 4/4
  1784 | D:2      | Found a blossoming altar of Fedhas.
  1837 | D:2      | Found an ancient bone altar of Kikubaaqudgha.
  1837 | D:2      | Found a radiant altar of Vehumet.
  2285 | D:3      | Found a runed translucent gate.
  2285 | D:3      | Found a runed translucent gate.
  2285 | D:3      | Found a runed translucent gate.
  2285 | D:3      | Noticed soark's ghost (amateur DsFi)
  2488 | D:3      | Reached XP level 5. HP: 30/45 MP: 5/5
  2693 | D:3      | Reached skill level 5 in Axes
  2872 | D:3      | Found a snail-covered altar of Cheibriados.
  2948 | D:3      | Became a worshipper of Cheibriados the Contemplative
  3261 | D:4      | Noticed a slave
  3262 | D:4      | Noticed a slave
  3262 | D:4      | Noticed a slave
  3262 | D:4      | Noticed Pikel
  3269 | D:4      | Noticed a slave
  3275 | D:4      | HP: 2/45 [Pikel/+2 whip of flaming (5)]
  3286 | D:4      | Slain by Pikel

Levels and vault maps discovered:
D:1:      dpeg_arrival_round_b, layout_loops_corners, minmay_lizard_king
D:2:      layout_loops_ring, lemuel_zombie_altar_yredelemnul, fedhas_altar_2,
          gammafunk_temple_overflow_elements
D:3:      layout_loops_corners, serial_rivers, chequers_serial_rivers_small_3,
          chequers_serial_rivers_marsh, chequers_serial_rivers_room_a,
          chequers_serial_rivers_micro_e, chequers_serial_rivers_small_a,
          ebering_ghost_rock_garden, cheibriados_altar_1
D:4:      layout_loops_ring, elyvilon_altar_4, serial_shops, shop,
          serial_rivers, chequers_serial_rivers_micro_d,
          chequers_serial_rivers_room_a, chequers_serial_rivers_marsh,
          chequers_serial_rivers_marsh, chequers_serial_rivers_micro_c,
          chequers_serial_rivers_small_3, lemuel_tele_altar, uniq_pikel

Skill      XL: |  1  2  3  4  5 |
---------------+----------------+-----
Throwing       | 2 |  2.0
Dodging        | 3 |  3.7
Axes           | 4 5 |  5.1
Fighting       | 3 |  3.5

Action                   |  1- 3 |  4- 6 || total
-------------------------+-------+-------++-------
Melee: War axe           |   108 |   147 ||   255
       Tailslap          |    16 |    18 ||    34
Evoke: Wand              |       |     3 ||     3
  Use: Scroll            |       |     7 ||     7
       Potion            |       |     3 ||     3
 Stab: Sleeping          |     2 |     4 ||     6
  Eat: Chunk             |       |     8 ||     8
Armor: Skin              |    29 |    47 ||    76
Dodge: Dodged            |   105 |   131 ||   236

Table legend:
 A = Non-vault XP
 B = Vault XP
 C = Vault XP percentage of total XP
 D = Non-vault monster count
 E = Vault monster count
 F = Vault count percentage of total count
                 A         B        C        D         E       F
            +---------+---------+-------+---------+---------+-------
      Total |     315 |      13 |   4.0 |      78 |       9 |  10.3
            +---------+---------+-------+---------+---------+-------
        D:1 |      62 |       9 |  12.7 |      29 |       7 |  19.4
        D:2 |      89 |       4 |   4.3 |      23 |       2 |   8.0
        D:3 |     164 |       0 |   0.0 |      26 |       0 |   0.0
            +---------+---------+-------+---------+---------+-------
